 Dungeon Crawl Stone Soup version 0.29.0-4-gdea44cf6ec (webtiles) character file.

Game seed: 2537646392552142881

385 qw the Chopper (level 6, -1/35 HPs)
             Began as a Tengu Warper on Aug 28, 2022.
             Killed by divine providence
             ... invoked by an orc priest
              (14 damage)
             ... on level 4 of the Dungeon.
             The game lasted 00:00:26 (4534 turns).

qw the Chopper (Tengu Warper)                       Turns: 4534, Time: 00:00:26

Health: -1/35      AC: 12    Str: 14    XL:     6   Next: 77%
Magic:  10/10      EV:  6    Int: 13    God:
Gold:   175        SH: 12    Dex: 13    Spells: 9/9 levels left

rFire   + + .      SeeInvis .   Y - +2 hand axe
rCold   + . .      Faith    .   c - +0 tower shield
rNeg    . . .      Spirit   .   l - +4 scale mail
rPois   +          Reflect  .   (helmet restricted)
rElec   .          Harm     .   (no cloak)
rCorr   .          Rampage  .   j - +0 pair of gloves
Will    .....                   (boots unavailable)
Stlth   ..........              n - amulet of Limitation {RegenMP rF++ rC+}
HPRegen 0.11/turn               (no ring)
MPRegen 0.52/turn               (no ring)

@: flying quickly and evasively, quick
A: beak, talons 3, nimble flight, poison resistance, shaggy fur 1
a: no special abilities


You were on level 4 of the Dungeon.
You visited 1 branch of the dungeon, and saw 4 of its levels.
You also visited: Sewer.

You collected 175 gold pieces.


Innate Abilities, Weirdness & Mutations

You have a beak for a mouth.
You have claws for feet.
Your magical nature lets you fly swiftly and evasively.
Your system is resistant to poisons. (rPois)
You are covered in fur. (AC +1)


   Skills:
 - Level 2.0 Fighting
 - Level 6.5 Axes
 - Level 1.0 Throwing
 - Level 1.1 Armour
 - Level 2.1 Dodging
 + Level 3.4 Shields
 - Level 2.0 Spellcasting
 - Level 2.4 Translocations


You had 9 spell levels left.
You didn't know any spells.
Your spell library contained the following spells:

 Spells                   Type           Power      Damage    Failure   Level
 Blink                    Tloc           14%        N/A       100%        2
 Gell's Gravitas          Tloc           7%         N/A       100%        3
 Lesser Beckoning         Tloc           7%         N/A       100%        3
 Teleport Other           Tloc           7%         N/A       100%        3
 Manifold Assault         Tloc           7%         N/A       100%        5

Inventory:

Hand Weapons
 d - a +0 whip
 Y - a +2 hand axe (weapon)
Missiles
 k - 2 javelins (quivered)
Armour
 c - a +0 tower shield (worn)
 j - a +0 pair of gloves (worn)
 l - a +4 scale mail (worn)
Jewellery
 e - an amulet of reflection
 n - the amulet of Limitation (around neck) {RegenMP rF++ rC+}
   (You found it in a sewer)

   [amulet of magic regeneration]

   It increases your rate of magic regeneration.
   rF:        It greatly protects you from fire.
   rC:        It protects you from cold.
Scrolls
 m - 2 scrolls of identify
Potions
 a - a potion of mutation
 b - a potion of attraction {unknown}
 f - a potion of resistance {unknown}
 g - a potion of degeneration {unknown}
 h - a potion of heal wounds
 i - a potion of ambrosia {unknown}
 o - a potion of might {unknown}

Dungeon Overview and Level Annotations

Branches:
Dungeon (4/15)              Sewer (visited)
 Temple: D:4-7

Altars:
Ru
Xom


Message History

The orc priest hits you with a +1 hand axe of flaming.
You completely miss the orc priest.
You peck the orc priest, but do no damage.
You block the orc priest's attack.
You hit the orc priest.
You claw the orc priest, but do no damage.
You peck the orc priest.
The orc priest is heavily wounded.
An orc comes into view. It is wielding a +0 morningstar.
You block the orc priest's attack.
An orc comes into view. It is wielding a +0 club.
The orc moves out of view.
You closely miss the orc. Your kick misses the orc. You peck the orc.
The orc is severely wounded.
The orc hits you with a +0 morningstar!
You slash the orc!
You kill the orc!
The orc priest mumbles some strange prayers to Beogh against you.
Beogh smites you!
You hear a shout!
4531 ||| DRINKING 2 potions of heal wounds.
You feel much better.
You hear a shout!
The orc priest barely misses you.
You completely miss the orc priest. You claw the orc priest.
The orc priest is moderately wounded.
The orc priest invokes the aid of Beogh against you.
You barely resist. You barely miss the orc priest. You claw the orc priest.
The orc priest is severely wounded.
The orc priest mumbles some strange prayers to Beogh against you.
Beogh smites you!
You hit the orc priest. Your kick misses the orc priest.
Your peck misses the orc priest.
The orc priest is almost dead.
The orc priest looks encouraged for a moment.
A kobold comes into view. It is wielding a +0 dagger.
The orc priest mumbles some strange prayers to Beogh against you.
Beogh smites you!
You die...

#.######.# #########
##........###########.......#
..%.........................#
.#.......)..%.%######.......#
.#......)#####.# #.......#
.####.#......#.# #.......####
.#..%.#.####.#.# #..........#
.#.####.#....#.#########.......#
.#.# #....#..oo@..............#
.#.# ######K#o#########.......#
.#.# .... #.......# .#.# #.
######### #.# # #.# #.# #.# #.#


You could see 2 orc priests, an orc and a kobold.

Vanquished Creatures
  Pargi (Sewer)
  An orc priest (D:3)
  An iguana (D:4)
  A scorpion zombie (D:3)
  An orc wizard (D:3)
  A hound zombie (D:3)
  2 hound skeletons (D:3)
  3 gnolls (D:4)
  2 adders
  An adder skeleton (D:3)
  2 worms (D:2)
  A dart slug (D:1)
  4 orcs
  6 endoplasms
  7 giant cockroaches
  8 goblins
  4 hobgoblins
  8 jackals
  9 kobolds
  5 quokkas
  6 ball pythons
  6 bats
  A frilled lizard (D:1)
  8 rats
89 creatures vanquished.

Vanquished Creatures (others)
  4 withered plants (D:3)
4 creatures vanquished.

Grand Total: 93 creatures vanquished

Notes
Turn   | Place    | Note
-------+----------+-------------------------------------------
     0 | D:1      | qw the Tengu Warper began the quest for the Orb.
     0 | D:1      | Reached XP level 1. HP: 12/12 MP: 4/4
     0 | D:1      | 0 ||| qw: Version: 0.1-a-89-g26bdef1
     0 | D:1      | 0 ||| qw: Game counter: 887
     0 | D:1      | 0 ||| qw: Always use a shield: true
     0 | D:1      | 0 ||| qw: God list: Okawaru
     0 | D:1      | 0 ||| qw: Allow faded altars: false
     0 | D:1      | 0 ||| qw: Do Orc after D:15 true
     0 | D:1      | 0 ||| qw: Do second Lair branch before Depths: true
     0 | D:1      | 0 ||| qw: Lair rune preference: random
     0 | D:1      | 0 ||| qw: Plans: Normal
     0 | D:1      | 0 ||| PLANNING D:1-11
   167 | D:1      | Found a faded altar of an unknown god.
   193 | D:1      | 193 ||| Stepping ~*~*~tactically~*~*~ (hiding).
   296 | D:1      | 296 ||| Stepping ~*~*~tactically~*~*~ (hiding).
   398 | D:1      | 398 ||| Stepping ~*~*~tactically~*~*~ (hiding).
   406 | D:1      | Reached skill level 3 in Axes
   406 | D:1      | Reached XP level 2. HP: 14/17 MP: 6/6
   586 | D:1      | 586 ||| Stepping ~*~*~tactically~*~*~ (stealth).
   587 | D:1      | 587 ||| Stepping ~*~*~tactically~*~*~ (stealth).
  1115 | D:1      | Reached XP level 3. HP: 21/21 MP: 7/7
  1303 | D:1      | 1303 ||| UPGRADING to +0 scale mail.
  1313 | D:1      | 1313 ||| DROPPING +0 leather armour.
  1314 | D:1      | 1314 ||| UPGRADING to amulet of reflection.
  1319 | D:1      | 1319 ||| READING scroll labelled ICOUVYRRETRE.
  1320 | D:1      | 1320 ||| READING scroll labelled VEYGAG JISH.
  1321 | D:1      | 1321 ||| READING 3 scrolls labelled WEIFOL GI NIHA.
  1322 | D:1      | 1322 ||| READING scroll labelled KOLYT BOCUO.
  1323 | D:1      | 1323 ||| DROPPING scroll of blinking.
  1324 | D:1      | 1324 ||| DROPPING 2 scrolls of amnesia.
  1325 | D:1      | 1325 ||| Stepping randomly (stuck).
  1326 | D:1      | 1326 ||| Stepping ~*~*~tactically~*~*~ (cloud).
  1329 | D:1      | HP: 5/21 [poisoned by you (poison gas)]
  1332 | D:1      | HP: 2/21 [poisoned by you (poison gas)]
  1651 | D:2      | Found a shimmering altar of Xom.
  1935 | D:2      | Reached skill level 4 in Axes
  2124 | D:2      | 2124 ||| Stepping ~*~*~tactically~*~*~ (stealth).
  2256 | D:2      | 2256 ||| FLEEEEING.
  2257 | D:2      | 2257 ||| FLEEEEING.
  2258 | D:2      | 2258 ||| FLEEEEING.
  2259 | D:2      | 2259 ||| FLEEEEING.
  2264 | D:2      | 2264 ||| FLEEEEING.
  2266 | D:2      | 2266 ||| FLEEEEING.
  2272 | D:2      | 2272 ||| Stepping ~*~*~tactically~*~*~ (hiding).
  2274 | D:2      | 2274 ||| Stepping ~*~*~tactically~*~*~ (hiding).
  2633 | D:2      | 2633 ||| FLEEEEING.
  2637 | D:2      | 2637 ||| FLEEEEING.
  2776 | D:2      | 2776 ||| Stepping ~*~*~tactically~*~*~ (stealth).
  2813 | D:2      | 2813 ||| UPGRADING to +0 pair of gloves.
  2818 | D:2      | 2818 ||| UPGRADING to +4 scale mail.
  2828 | D:2      | 2828 ||| DROPPING +0 scale mail.
  2829 | D:2      | 2829 ||| DROPPING amulet of magic regeneration.
  2830 | D:2      | 2830 ||| READING scroll labelled WOLIX PYEDD.
  2952 | D:2      | 2952 ||| READING 2 scrolls labelled QAPUFOUDOS.
  2953 | D:2      | 2953 ||| READING scroll labelled DUGOSOFUISH.
  2958 | D:2      | 2958 ||| READING scroll labelled LES YTOMEETAUF.
  2959 | D:2      | 2959 ||| DRINKING 2 purple potions.
  2959 | D:2      | Gained mutation: Your system is resistant to poisons.
                  | (rPois) [potion of mutation]
  2959 | D:2      | Gained mutation: You are covered in fur. (AC +1) [potion of
                  | mutation]
  2960 | D:2      | 2960 ||| DRINKING 2 smoky grey potions.
  3000 | D:3      | Reached XP level 4. HP: 26/26 MP: 8/8
  3167 | D:3      | 3167 ||| READING scroll of enchant weapon.
  3167 | D:3      | 3167 ||| ENCHANTING +1 hand axe.
  3230 | D:3      | 3230 ||| Stepping ~*~*~tactically~*~*~ (stealth).
  3241 | D:3      | Reached skill level 5 in Axes
  3287 | D:3      | 3287 ||| Stepping ~*~*~tactically~*~*~ (hiding).
  3291 | D:3      | Gained mutation: Your magical nature lets you fly swiftly
                  | and evasively. [Tengu growth]
  3291 | D:3      | Reached XP level 5. HP: 30/30 MP: 9/9
  3292 | D:3      | 3292 ||| Stepping ~*~*~tactically~*~*~ (hiding).
  3293 | D:3      | 3293 ||| Stepping ~*~*~tactically~*~*~ (hiding).
  3300 | D:3      | Reached skill level 6 in Axes
  3313 | D:3      | 3313 ||| Stepping ~*~*~tactically~*~*~ (stealth).
  3548 | D:3      | Found a sacrificial altar of Ru.
  3550 | D:3      | 3550 ||| Stepping ~*~*~tactically~*~*~ (hiding).
  3892 | D:3      | 3892 ||| UPGRADING to +0 tower shield.
  3897 | D:3      | 3897 ||| READING scroll labelled BIONLA HUONUXUO.
  3898 | D:3      | 3898 ||| READING 2 scrolls of identify.
  3898 | D:3      | 3898 ||| IDENTIFYING lumpy puce potion
  3899 | D:3      | 3899 ||| DROPPING potion of brilliance.
  3921 | D:4      | 3921 ||| PLANNING SEWER
  3941 | D:4      | Found a glowing drain.
  3968 | Sewer    | Entered a sewer
  4006 | Sewer    | Noticed Pargi
  4026 | Sewer    | Killed Pargi
  4027 | Sewer    | Reached XP level 6. HP: 26/35 MP: 10/10
  4118 | Sewer    | Identified the amulet of Limitation {RegenMP rF++ rC+}
  4156 | Sewer    | 4156 ||| UPGRADING to amulet of Limitation {RegenMP rF++
                  | rC+}.
  4166 | Sewer    | 4166 ||| READING scroll labelled BAUXTIZUUMN.
  4181 | D:4      | 4181 ||| PLANNING D:1-11
  4230 | D:4      | 4230 ||| Stepping ~*~*~tactically~*~*~ (stealth).
  4272 | D:4      | 4272 ||| Stepping ~*~*~tactically~*~*~ (hiding).
  4279 | D:4      | HP: 6/35 [iguana (9)]
  4280 | D:4      | 4280 ||| DRINKING 3 potions of heal wounds.
  4285 | D:4      | Reached skill level 3 in Shields
  4530 | D:4      | HP: 5/35 [orc priest/divine providence (8)]
  4531 | D:4      | 4531 ||| DRINKING 2 potions of heal wounds.
  4534 | D:4      | Killed from afar by an orc priest

Levels and vault maps discovered:
D:1:      dpeg_arrival_short_road, layout_loops_ring,
          hellmonk_ecumenical_altar_crossroads, minmay_quantized
D:2:      minmay_chambers_of_twos, layout_basic, basic_altar
D:3:      layout_basic, nicolae_ru_great_annihilating_truth, serial_undead,
          serial_undead_e, serial_undead_d, serial_undead_f, serial_undead_b
D:4:      layout_basic, lemuel_crystal_altar, portal_sewer_entry_f, uniq_grinder

Skill      XL: |  1  2  3  4  5  6 |
---------------+-------------------+-----
Axes           | 3 4 5 6 |  6.5
Shields        | 2 3 |  3.4
Fighting       | |  2.0
Throwing       | |  1.0
Armour         | |  1.1
Dodging        | |  2.1
Spellcasting   | |  2.0
Translocations | |  2.4

Action                   |  1- 3 |  4- 6 || total
-------------------------+-------+-------++-------
Melee: Hand axe          |    70 |   121 ||   191
       Peck              |     8 |    19 ||    27
       Kick              |    11 |    33 ||    44
       Punch             |       |     1 ||     1
Throw: Boomerang         |     7 |       ||     7
       Javelin           |    30 |    23 ||    53
  Use: Scroll            |     8 |     4 ||    12
       Potion            |     2 |     2 ||     4
 Stab: Sleeping          |     1 |       ||     1
Armor: Leather armour    |    10 |       ||    10
       Scale mail        |    10 |    61 ||    71
Dodge: Dodged            |    19 |    36 ||    55
Block: Other             |     7 |     7 ||    14
       Reflection        |       |     2 ||     2
       Tower shield      |       |    59 ||    59

Table legend:
 A = Non-vault XP
 B = Vault XP
 C = Vault XP percentage of total XP
 D = Non-vault monster count
 E = Vault monster count
 F = Vault count percentage of total count
                 A         B        C        D         E       F
            +---------+---------+-------+---------+---------+-------
      Total |     231 |     320 |  58.1 |      60 |      29 |  32.6
            +---------+---------+-------+---------+---------+-------
        D:1 |      33 |       5 |  13.2 |      20 |       3 |  13.0
        D:2 |      25 |      17 |  40.5 |      13 |       8 |  38.1
        D:3 |      67 |     150 |  69.1 |      15 |       9 |  37.5
        D:4 |     106 |      12 |  10.2 |      12 |       6 |  33.3
      Sewer |       0 |     136 | 100.0 |       0 |       3 | 100.0
            +---------+---------+-------+---------+---------+-------
